AoeStats
← [LCDR] Alone

Arabian Desert

509942227Analyzed
1v1 RM · 4d ago on Sep 28, 2026· 36m 2s· 2 players
Game mode
Random Map
Map size
Tiny (2 player)
Population
200
Speed
Normal
Resources
Standard
Victory
Conquest
Starting age
Dark Age
Ending age
Imperial Age
RankedLock teamsTeams togetherTeam positionsShared explorationLock speedFull tech treeHidden civsTurbo modeCheats
Victory
Defeat
🇨🇳 Inca · China
1942
+14
🇧🇷 Huns · Brazil
1897
-14
[LCDR] Alone
6:15 Loom
8:48 Feudal Age
9:25 Double-Bit Axe
14:11 Forging
18:33 Scale Barding Armor
雨落星辰
6:08 Loom
9:06 Feudal Age
9:37 Stone Mining
9:12 Champi Runner
17:35 Scale Mail Armor
23:20 Forging
35:57 Castle Age
35:59 Double-Bit Axe
35:55 Horse Collar
36:06 Gold Mining
Connection lost

Rejoining the realm…

Still unreachable

The connection could not be restored.

Session expired

The server has moved on; the page needs a fresh start.